 Dungeon Crawl Stone Soup version 0.21.0 (webtiles) character file.

37 tidbits the Vexing (level 3, 0/25 HPs)
             Began as a Gnoll Arcane Marksman on Jan 6, 2018.
             Slain by an orc wizard
             ... wielding a +0 dagger
              (1 damage)
             ... on level 3 of the Dungeon.
             The game lasted 00:05:36 (623 turns).

tidbits the Vexing (Gnoll Arcane Marksman)           Turns: 623, Time: 00:05:37

Health: 0/25       AC:  3    Str: 12    XL:     3   Next: 41%
Magic:  1/7        EV: 14    Int: 18    God:
Gold:   66         SH:  0    Dex: 15    Spells: 4/7 levels left

rFire    . . .     SeeInvis .   k - +0 short sword
rCold    . . .     Gourm    .   (no shield)
rNeg     . . .     Faith    .   a - +0 robe
rPois    +         Spirit   .   (no helmet)
rElec    .         Reflect  .   (no cloak)
rCorr    .         Harm     .   G - +0 pair of gloves
MR       +....                  (no boots)
Stlth    ++........             (no amulet)
HPRegen  0.08/turn              s - ring of protection from magic
MPRegen  0.10/turn              (no ring)

@: no status effects
A: distributed training, fangs 1, clever 1, frail 1, poison resistance, strong
nose
a: no special abilities


You were on level 3 of the Dungeon.
You were not hungry.

You visited 1 branch of the dungeon, and saw 4 of its levels.

You collected 66 gold pieces.

Inventory:

Hand Weapons
 h - a +0 club
 k - a +0 short sword (weapon)
 l - a +0 hunting sling
 t - a +0 quarterstaff
Missiles
 c - 5 javelins (quivered)
 d - 2 throwing nets {!f}
 g - 80 stones
 r - 33 bolts
Armour
 a - a +0 robe (worn)
 i - a +0 large shield
 G - a +0 pair of gloves (worn)
Jewellery
 s - a ring of protection from magic (left hand)
   (You found it on level 3 of the Dungeon)
Scrolls
 e - 2 scrolls of identify
 j - a scroll of enchant armour
Books
 b - a book of Debilitation

   Spells                             Type                      Level
   a - Corona                         Hexes                        1
   b - Slow                           Hexes                        2
   c - Inner Flame                    Hexes/Fire                   3
   d - Portal Projectile              Hexes/Translocation          3
   e - Cause Fear                     Hexes                        4
   f - Leda's Liquefaction            Hexes/Earth                  4
Comestibles
 f - a ration


   Skills:
 + Level 2.6 Fighting
 + Level 0.7 Short Blades
 + Level 0.7 Long Blades
 + Level 0.7 Axes
 + Level 0.7 Maces & Flails
 + Level 0.7 Polearms
 + Level 0.7 Staves
 + Level 0.7 Slings
 + Level 0.7 Bows
 + Level 0.7 Crossbows
 + Level 4.5 Throwing
 + Level 0.7 Armour
 + Level 4.5 Dodging
 + Level 0.7 Stealth
 + Level 0.7 Shields
 + Level 0.7 Unarmed Combat
 + Level 2.8 Spellcasting
 + Level 0.5 Conjurations
 + Level 5.4 Hexes
 + Level 0.5 Charms
 + Level 0.5 Summonings
 + Level 0.5 Necromancy
 + Level 0.5 Translocations
 + Level 0.5 Transmutations
 + Level 0.5 Fire Magic
 + Level 0.5 Ice Magic
 + Level 0.5 Air Magic
 + Level 0.5 Earth Magic
 + Level 0.5 Poison Magic
 + Level 0.9 Invocations
 + Level 0.7 Evocations


You had 4 spell levels left.
You knew the following spells:

 Your Spells              Type           Power        Failure   Level  Hunger
a - Corona                Hex            ###....      1%          1    None
l - Slow                  Hex            ###.....     2%          2    ##.....


Dungeon Overview and Level Annotations

Branches:
Dungeon (4/15)
 Temple: D:4-7

Altars:


Innate Abilities, Weirdness & Mutations

Your experience applies equally to all skills.
You have very sharp teeth.
Your uncanny sense of smell can sniff out nearby items.
Your mind is acute. (Int +2)
You are frail. (-10% HP)
Your system is resistant to poisons. (rPois)


Message History

The kobold is outlined in light.
Throwing (i - inventory. (,) - cycle):
c - 5 javelins (quivered)
Press: ? - help, Shift-Dir - straight line, f/p - kobold
Aim: a kobold (softly glowing)
You throw a javelin. The javelin hits the kobold!
You kill the kobold!
g - 80 stones (gained 1)
c - 5 javelins (gained 1)
You see here a kobold corpse.
Found a stone staircase leading down.
Magic restored.
Found a quarterstaff.
There is a stone staircase leading down here.
You see here a quarterstaff.
t - a quarterstaff
There is a stone staircase leading down here.
You climb downwards.
You hear the hiss of flowing sand.
There is an entrance to an ossuary on this level.
Hurry and find it before the portal is buried!
An orc, an orc priest and an orc wizard come into view.
Found a throwing net.
There is a stone staircase leading up here.
The helpless orc fails to defend itself.
You hit the orc.
The orc is severely wounded.
The orc priest shouts!
You hear a shout!
You hear an angry hiss.
The orc hits you with a whip.
* * * LOW HITPOINT WARNING * * *
An orc comes into view. It is wielding a dagger.
The orc shouts!
The orc hits you with a whip.
* * * LOW HITPOINT WARNING * * *
You climb upwards.
There is a stone staircase leading down here.
Casting: Corona
Confirm with . or Enter, or press ? or * to list all spells.
Aiming: Corona
Press: ? - help, Shift-Dir - straight line, f - orc
Aim: an orc, wielding a whip (severely wounded, chance to defeat MR: 73%)
The orc is outlined in light.
The orc wizard closely misses you. The orc closely misses you.
It was a potion of curing.
You feel better.
The orc wizard gestures at you while chanting.
You resist with almost no effort. The orc closely misses you.
Casting: Corona
Confirm with . or Enter, or press ? or * to list all spells.
Aiming: Slow
Press: ? - help, Shift-Dir - straight line, f - orc wizard, p - orc
Aim: an orc wizard, wielding a dagger and wearing a robe (chance to defeat MR: 57%)
The orc wizard resists with significant effort.
The orc wizard misses you. The orc hits you with a whip.
Casting: Slow
Confirm with . or Enter, or press ? or * to list all spells.
Aiming: Slow
Press: ? - help, Shift-Dir - straight line, f/p - orc wizard
Aim: an orc wizard, wielding a dagger and wearing a robe (chance to defeat MR: 57%)
The orc wizard resists with significant effort.
The orc wizard hits you with a dagger. The orc hits you but does no damage.
Casting: Slow
Confirm with . or Enter, or press ? or * to list all spells.
Aiming: Slow
Press: ? - help, Shift-Dir - straight line, f/p - orc wizard
Aim: an orc wizard, wielding a dagger and wearing a robe (chance to defeat MR: 57%)
The orc wizard resists with significant effort.
The orc wizard hits you but does no damage.
The orc hits you with a whip.
* * * LOW HITPOINT WARNING * * *
Okay, then.
It was a potion of mutation.
You feel extremely strange.
You feel clever.
You feel frail.
You feel resistant to poisons. The orc wizard hits you with a dagger.
* * * LOW HITPOINT WARNING * * *
The orc barely misses you.
Unknown command.
As you read the scroll labeled COSCHALLOW, it crumbles to dust.
It is a scroll of identify.
j - a scroll of enchant armour The orc wizard hits you with a dagger.
* * * LOW HITPOINT WARNING * * *
The orc barely misses you.
As you read the scroll labeled SORUKHL TIJABBU, it crumbles to dust.
You feel aware of your surroundings.
You sensed 1 altar.
It was a scroll of magic mapping.
The orc wizard closely misses you. The orc hits you with a whip.
* * * LOW HITPOINT WARNING * * *
As you read the scroll labeled QOSCHE IDAOMUPA, it crumbles to dust.
You feel as if something is helping you.
It was a scroll of remove curse.
The orc stops glowing.
The orc wizard barely misses you. The orc barely misses you.
As you read the scroll labeled AJUNLOCKYNAG, it crumbles to dust.
The scroll dissolves into smoke.
It was a scroll of fog.
The orc wizard gestures at you while chanting.
You resist with almost no effort. The orc hits you with a whip.
* * * LOW HITPOINT WARNING * * *
You barely miss the orc.
The orc is heavily wounded.
The orc wizard hits you with a dagger.
You die...

,,,*,,,*,,,*,,,*,,*,..,,,,,,,,,,,
,,,,,,,,,,,,,,,,,,**..,,,,,,,,,,,
***************###**.#**,,,,,,,,,
#.# *.# ***,,,,,,*
##.###.#####.*,,,**
###............,,,**
#..§.....#####.**** #.#oo#####
*,* *,#§@# *,* *,#§§# *,* *,#.§#
*,****** *,##.# *,,,,,,, *,*#.#
******** *,*#.# *,*#.# *
*************,*#.#### *
,,,,,,,,,,,,,,*#.†..# *


You could see an orc wizard and an orc.

Vanquished Creatures
  An adder (D:2)
  5 goblins
  3 hobgoblins (D:1)
  4 jackals (D:3)
  2 kobolds
  A quokka (D:2)
  5 bats (D:1)
  2 frilled lizards (D:1)
  4 rats
27 creatures vanquished.

Notes
Turn   | Place    | Note
-------+----------+-------------------------------------------
     0 | D:1      | tidbits the Gnoll Arcane Marksman began the quest for the Orb.
     0 | D:1      | Reached XP level 1. HP: 17/17 MP: 4/4
   148 | D:1      | Reached XP level 2. HP: 23/23 MP: 5/5
   155 | D:1      | Learned a level 2 spell: Slow
   261 | D:2      | Reached XP level 3. HP: 21/28 MP: 0/7
   618 | D:3      | Gained mutation: Your mind is acute. (Int +2) [potion of mutation]
   618 | D:3      | Gained mutation: You are frail. (-10% HP) [potion of mutation]
   618 | D:3      | Gained mutation: Your system is resistant to poisons. (rPois) [potion of mutation]
   622 | D:3      | HP: 1/25 [orc/whip (5)]
   623 | D:3      | Slain by an orc wizard

Action                   || total
-------------------------++-------
Melee: Short sword       ||    36
       Bite              ||     2
Throw: Javelin           ||    35
       Throwing net      ||     1
 Cast: Corona            ||    30
       Slow              ||     4
  Use: Potion            ||     3
       Scroll            ||     4
 Stab: Held in net/web   ||     1
       Sleeping          ||     2
Armor: Robe              ||    12
Dodge: Dodged            ||    79

Table legend:
 A = Turns spent in this place as a percentage of turns spent in the entire game.
 B = Non-inter-level travel turns spent in this place as a percentage of non-inter-level travel turns spent in the entire game.
 C = Inter-level travel turns spent in this place as a percentage of turns spent in this place.
 D = Turns resting spent in this place as a percentage of non-inter-level travel turns spent in this place.
 E = Turns spent auto-exploring this place as a percentage of non-inter-level travel turns spent in this place.
 F = Non-inter-level travel turns spent in this place divided by the number of levels of this place that you've seen.
                   A       B       C       D       E      F
               +-------+-------+-------+-------+-------+----------------------
         Total | 100.0 | 100.0 |   0.0 |   0.0 |   0.0 | 155.8
       Dungeon | 100.0 | 100.0 |   0.0 |   0.0 |   0.0 | 155.8
               +-------+-------+-------+-------+-------+----------------------

Table legend:
 A = Kills in this place as a percentage of kills in entire the game.
 B = Kills by you in this place as a percentage of kills by you in the entire game.
 C = Kills by friends in this place as a percentage of kills by friends in the entire game.
 D = Other kills in this place as a percentage of other kills in the entire game.
 E = Experience gained in this place as a percentage of experience gained in the entire game.
 F = Experience gained in this place divided by the number of levels of this place that you have seen.
                   A       B       C       D       E      F
               +-------+-------+-------+-------+-------+----------------------
         Total | 100.0 | 100.0 |   N/A |   N/A | 100.0 |  13.5
       Dungeon | 100.0 | 100.0 |   N/A |   N/A | 100.0 |  13.5
               +-------+-------+-------+-------+-------+----------------------

Vault maps used:
D:1:      scummos_arrival_checkerplants
D:2:      minmay_tromino_i2
D:3:      lemuel_coloured_pillars_altar, grunt_ministairs_1
D:4:      kennysheep_the_goblin_king, enter_ossuary_4
